 Dungeon Crawl Stone Soup version 0.26-a0-651-gb41185065b (webtiles) character file.

Game seed: 6588193428927942806

45 Azzok the Ruffian (level 3, -2/29 HPs)
             Began as a Demonspawn Fighter on Oct 10, 2020.
             Slain by a water moccasin (4 damage)
             ... on level 1 of the Dungeon.
             The game lasted 00:01:53 (1423 turns).

Azzok the Ruffian (Demonspawn Fighter)              Turns: 1423, Time: 00:01:54

Health: -2/29      AC: 11    Str: 17    XL:     3   Next: 42%
Magic:  3/3        EV:  2    Int:  9    God:
Gold:   49         SH:  8    Dex: 12    Spells: 2/2 levels left

rFire    . . .     SeeInvis .   m - +1 short sword (freeze)
rCold    . . .     Faith    .   b - +0 kite shield
rNeg     . . .     Spirit   .   n - +0 plate armour
rPois    .         Reflect  .   (no helmet)
rElec    .         Harm     .   (no cloak)
rCorr    .         Rampage  .   (no gloves)
MR       .....                  (no boots)
Stlth    ..........             (no amulet)
HPRegen  0.09/turn              h - ring of stealth
MPRegen  0.08/turn              (no ring)

@: lethally poisoned (-2 -> -15)
A: powered by death 1
a: no special abilities


You were on level 1 of the Dungeon.
You visited 1 branch of the dungeon, and saw 2 of its levels.

You collected 49 gold pieces.

Inventory:

Hand Weapons
 m - a +1 short sword of freezing (weapon)
Armour
 b - a +0 kite shield (worn)
 n - a +0 plate armour (worn)
Jewellery
 h - a ring of stealth (left hand)
Scrolls
 d - 4 scrolls of amnesia {unknown}
 f - a scroll of magic mapping {unknown}
 g - a scroll of blinking {unknown}
 i - 2 scrolls of teleportation {unknown}
 k - a scroll of fear {unknown}
Potions
 a - a potion of lignification {unknown}
 c - a potion of might
 e - a potion of curing {unknown}
 j - a potion of mutation {unknown}
 l - a potion of degeneration {unknown}
 o - a potion of flight {unknown}
 p - 2 potions of stabbing {unknown}


   Skills:
 - Level 3.0 Fighting
 - Level 2.6 Armour
 - Level 2.6 Shields
 + Level 3.5 Unarmed Combat


You had 2 spell levels left.
You didn't know any spells.
Your spell library was empty.

Dungeon Overview and Level Annotations

Branches:
Dungeon (2/15)

Altars:


Innate Abilities, Weirdness & Mutations

You regenerate a little health from kills.


Message History

The water moccasin bites you but does no damage.
The water moccasin bites you.
You are lethally poisoned!
The water moccasin poisons you!
You hit the water moccasin. You freeze the water moccasin.
The water moccasin is moderately wounded.
You feel sick. The water moccasin bites you.
* * * LOW HITPOINT WARNING * * *
The water moccasin bites you.
* * * LOW HITPOINT WARNING * * *
You hit the water moccasin. You freeze the water moccasin.
The water moccasin is heavily wounded.
* * * LOW HITPOINT WARNING * * *
You feel sick. The water moccasin bites you.
* * * LOW HITPOINT WARNING * * *
You hit the water moccasin but do no damage.
The water moccasin is heavily wounded.
* * * LOW HITPOINT WARNING * * *
You feel sick. The water moccasin bites you.
You die...

▒·············▒············▒
▒·············▒············▒
▒··········▒▒··············▒
▒·······▒▒▒▒▒▒·············▒
▒·······▒ ▒·············▒
▒·······▒ ▒▒············▒
▒·······▒ ▒············▒
▒·▒·▒▒▒▒▒▒ ▒▒S▒▒▒▒▒▒▒▒▒▒▒
▒·▒······▒ ▒@▒ ▒·▒▒▒▒▒▒·▒
▒·▒ ▒·▒ ▒·▒▒▒▒▒▒▒·▒ ▒·▒
▒·········▒
··▒▒▒▒▒▒▒▒▒▒▒▒▒▒▒▒
··············▒
·▒▒▒▒▒▒▒▒▒▒▒▒·▒
·····▒▒▒▒▒▒▒▒·▒
▒▒▒▒··········▒


You could see a water moccasin.

Vanquished Creatures
  An adder (D:2)
  A worm (D:2)
  3 dart slugs
  An orc (D:2)
  4 goblins
  3 hobgoblins
  3 jackals (D:2)
  3 kobolds (D:1)
  A bat (D:2)
  6 frilled lizards
  2 rats
28 creatures vanquished.

Notes
Turn   | Place    | Note
-------+----------+-------------------------------------------
     0 | D:1      | Azzok the Demonspawn Fighter began the quest for the Orb.
     0 | D:1      | Reached XP level 1. HP: 18/18 MP: 1/1
   359 | D:1      | Gained mutation: You regenerate a little health from kills.
                  | [demonic ancestry]
   359 | D:1      | Reached XP level 2. HP: 24/24 MP: 2/2
  1138 | D:2      | Noticed a water moccasin
  1287 | D:2      | Reached XP level 3. HP: 29/29 MP: 3/3
  1423 | D:1      | Slain by a water moccasin

Illustrated notes

Levels and vault maps discovered:
D:1:      minmay_arrival_pointy, layout_basic, serial_rivers,
          chequers_serial_rivers_room_a, chequers_serial_rivers_micro_e,
          chequers_serial_rivers_large_b, chequers_serial_rivers_micro_b,
          chequers_serial_rivers_micro_e, minmay_vboxes
D:2:      layout_basic, minmay_stone_trees_medium, grunt_ministairs_2,
          uniq_terence

Skill      XL: |  1  2 |
---------------+-------+-----
Unarmed Combat | 2 3 |  3.5
Fighting       | |  3.0
Armour         | |  2.6
Shields        | |  2.6

Action                   || total
-------------------------++-------
Melee: Unarmed           ||    35
       Short sword       ||    79
Armor: Scale mail        ||    12
       Plate armour      ||    44
Dodge: Dodged            ||    15
Block: Kite shield       ||    42

Table legend: (Time is in decaauts)
 A = Elapsed time spent in this place.
 B = Non-inter-level travel time spent in this place.
 C = Inter-level travel time spent in this place.
 D = Time resting spent in this place.
 E = Time spent auto-exploring this place.
 F = Levels seen in this place.
 G = Mean time per level.
                   A        B        C        D        E       F      G
               +--------+--------+--------+--------+--------+-----+--------+
         Total |   1461 |   1400 |     61 |     40 |   1061 |   2 |  730.5 |
       Dungeon |   1461 |   1400 |     61 |     40 |   1061 |   2 |  730.5 |
               +--------+--------+--------+--------+--------+-----+--------+

Top non-repeatable levels by time:
     D:1: 1240 daAuts
     D:2: 220 daAuts
